 Dungeon Crawl Stone Soup version 0.27.1-34-g3ba077fa99 (webtiles) character file.

Game seed: 14187331377134665470

12456 Labrat the Destroyer (level 12, -4/95 HPs)
             Began as a Human Hedge Wizard on Jan 8, 2022.
             Was a Believer of Vehumet.
             Slain by a quicksilver ooze (12 damage)
             ... in a Gauntlet on Jan 11, 2022.
             The game lasted 01:01:03 (15679 turns).

Labrat the Destroyer (Human Hedge Wizard)          Turns: 15679, Time: 01:01:04

Health: -4/95      AC: 16    Str: 10    XL:     12   Next: 20%
Magic:  13/25      EV: 11    Int: 20    God:    Vehumet [**....]
Gold:   721        SH:  0    Dex: 13    Spells: 21/29 levels left

rFire    + . .     SeeInvis +   D - +10 bardiche "Ogojij" {flame, rF+}
rCold    . . .     Faith    .   (shield currently unavailable)
rNeg     . . .     Spirit   .   e - +0 swamp dragon scales
rPois    +         Reflect  .   c - +0 hat
rElec    .         Harm     .   (no cloak)
rCorr    .         Rampage  .   w - +3 pair of gauntlets of War {Slay+5}
Will     .....     NoTele   +   (no boots)
Stlth    +.........             (no amulet)
HPRegen  0.25/turn              F - ring of see invisible
MPRegen  0.19/turn              P - +4 ring of protection

@: no status effects
A: no striking features
a: Renounce Religion


You were in a Gauntlet.
You worshipped Vehumet.
Vehumet was pleased with you.
You visited 3 branches of the dungeon, and saw 12 of its levels.
You also visited: Gauntlet.

You collected 721 gold pieces.

Inventory:

Hand Weapons
 g - a +1 whip of draining
 o - a +0 dagger of venom
 A - a +3 flail of protection
 D - the +10 bardiche "Ogojij" (weapon) {flame, rF+}
   (You found it on level 5 of the Dungeon)

   It burns those it strikes, dealing additional fire damage.
   Big, fiery blades are also staple armaments of hydra-hunters.
   rF:        It protects you from fire.
Missiles
 s - 24 poisoned darts
 y - 5 curare-tipped darts
 B - 8 datura-tipped darts
 I - 10 javelins
 L - 3 throwing nets
Armour
 c - a +0 hat (worn)
 e - +0 swamp dragon scales (worn)
 j - a +0 buckler
 w - the +3 pair of gauntlets of War (worn) {Slay+5}
   (You found it on level 4 of the Dungeon)

   Slay:      It affects your accuracy & damage with ranged weapons and melee
   (+5).
 E - +0 steam dragon scales
Jewellery
 p - a ring of flight
 F - a ring of see invisible (left hand)
 P - a +4 ring of protection (right hand)
Wands
 C - a wand of polymorph (4)
 J - a wand of digging (2)
 M - a wand of flame (20)
 N - a wand of charming (5)
 O - a wand of paralysis (6)
Scrolls
 h - 6 scrolls of teleportation
 i - a scroll of summoning {unknown}
 k - a scroll of fog {unknown}
 l - 3 scrolls of enchant armour
 n - 2 scrolls of immolation {unknown}
 q - a scroll of acquirement {unknown}
 r - a scroll of brand weapon {unknown}
 t - 3 scrolls of vulnerability
 x - 4 scrolls of magic mapping
 H - a scroll of blinking
 K - 2 scrolls of amnesia {unknown}
Potions
 a - 2 potions of ambrosia {unknown}
 b - 5 potions of berserk rage
 d - 2 potions of haste
 f - 5 potions of curing
 m - a potion of degeneration {unknown}
 u - 3 potions of resistance
 v - 3 potions of brilliance {unknown}
 z - 3 potions of heal wounds
 G - 2 potions of flight


   Skills:
 + Level 9.3 Fighting
 - Level 5.0 Armour
 - Level 3.0 Dodging
 - Level 2.0 Stealth
 - Level 4.0 Shields
 + Level 9.2 Spellcasting
 + Level 9.5 Conjurations
 - Level 2.0 Summonings
 - Level 2.0 Translocations
 - Level 2.0 Air Magic
 - Level 5.0 Poison Magic


You had 21 spell levels left.
You knew the following spells:

 Your Spells              Type           Power      Damage    Failure   Level
a - Magic Dart            Conj           100%       1d8       1%          1
b - Blink                 Tloc           N/A        N/A       12%         2
c - Call Imp              Summ           17%        N/A       12%         2
e - Mephitic Cloud        Conj/Pois/Air  31%        N/A       5%          3

Your spell library contained the following spells:

 Spells                   Type           Power      Damage    Failure   Level
 Shock                    Conj/Air       100%       1d9       1%          1
 Apportation              Tloc           34%        N/A       8%          1
 Summon Small Mammal      Summ           68%        N/A       8%          1
 Conjure Flame            Conj/Fire      28%        6-21      8%          3
 Iskenderun's Mystic Bla  Conj/Tloc      32%        2d8       16%         4
 Animate Skeleton         Necr           18%        N/A       19%         1
 Beastly Appendage        Tmut           18%        N/A       19%         1
 Corona                   Hex            10%        N/A       19%         1
 Pain                     Necr           36%        1d5       19%         1
 Spider Form              Tmut/Pois      9%         N/A       19%         3
 Fulminant Prism          Conj/Hex       14%        3d9       24%         4
 Sticky Flame             Conj/Fire      28%        2d5       24%         4
 Slow                     Hex            9%         N/A       26%         2
 Sublimation of Blood     Necr           4%         N/A       26%         2
 Wereblood                Tmut           9%         N/A       26%         2
 Ignite Poison            Fire/Tmut/Pois 15%        N/A       26%         3
 Vampiric Draining        Necr           4%         2d6       47%         3
 Irradiate                Conj/Tmut      14%        3d18      56%         5
 Bolt of Magma            Conj/Fire/Erth 11%        4d7       78%         5
 Petrify                  Tmut/Erth      9%         N/A       87%         4
 Lee's Rapid Deconstruct  Erth           4%         3d6*      99%         5
 Eringya's Noxious Bog    Tmut/Pois      9%         N/A       100%        6


Dungeon Overview and Level Annotations

Branches:
Dungeon (10/15)            Temple (1/1) D:7            Lair (1/6) D:10
    Orc (0/2) D:9         Gauntlet (1/1)

Altars:
Ashenzari
Cheibriados
Dithmenos
Elyvilon
Fedhas
Gozag
Hepliaklqana
Kikubaaqudgha
Makhleb
Nemelex Xobeh
Okawaru
Qazlal
Ru
Sif Muna
Trog
Uskayaw
Vehumet
Wu Jian
Xom
Yredelemnul
Zin
The Shining One
Lugonu

Shops:
D:8 (   D:10 *

Annotations:
D:7 2 transporters, MisterT's ghost, novice HOFi
D:10 1 runed translucent door, exclusion: door Gauntlet 13 transporters, exclusion: obsidian statue


Message History

Aiming: Mephitic Cloud (mildly dangerous; 5% risk of failure)
Press: ? - help, Shift-Dir - straight line The ball explodes into a vile cloud!
Unknown command.
Okay, then.
Throw: 4 throwing nets
Press: ? - help, Shift-Dir - straight line, f - quicksilver ooze
Aim: a quicksilver ooze (noxious fumes, 52% to hit, immune to nets)
You throw a throwing net.
The throwing net closely misses the quicksilver ooze.
Unknown command.
You miss the quicksilver ooze. The quicksilver ooze hits you.
The quicksilver ooze hits you but does no damage.
The quicksilver ooze hits you. x2
You feel your power leaking away. The quicksilver ooze hits you!
The quicksilver ooze engulfs you! The quicksilver ooze barely misses you.
The quicksilver ooze hits you!
The quicksilver ooze hits you but does no damage.
You closely miss the quicksilver ooze.
Your lungs strain for air!
The quicksilver ooze hits you!
The quicksilver ooze hits you but does no damage.
The quicksilver ooze completely misses you.
The quicksilver ooze hits you but does no damage.
The quicksilver ooze hits you!
The quicksilver ooze hits you but does no damage.
You cannot cast spells while unable to breathe!
Unknown command.
You cannot read scrolls while unable to breathe!
Unknown command.
You slip free of the ooze engulfing you.
* * * LOW HITPOINT WARNING * * *
Your lungs strain for air!
The quicksilver ooze hits you!!
* * * LOW HITPOINT WARNING * * *
The quicksilver ooze closely misses you.
You slip free of the ooze engulfing you.
You gasp with relief as air once again reaches your lungs.
The quicksilver ooze hits you!
You die...

#8#.....#©...........©
###.##################
#.#.........#.#.....
###.#.##...##.#.#.###.
#8#.#.#.###.#.#.#t..##
###.#..##.##..#.#.#...
#.#....©..(.#.#.###©
###.#J.##.##..#.#...##
#8#.#@#.###.#.#.#.#...
###.#.##...##.#.#.#.#.
#.#..)$©.[.J#.#..[[©
###.###########.######
#8#...................
###≈..................
####################
#8# #8# #8# #8# #8#
### ### ### ### ###


You could see a quicksilver ooze.

Vanquished Creatures
  Harold (D:8)
  A centaur warrior (D:9)
  Erica (D:8)
  2 two-headed ogres (D:9)
  An ugly thing (D:10)
  Joseph (D:8)
  A queen bee (Gauntlet)
  A jumping spider (shapeshifter) (D:8)
  3 hornets
  A troll (D:9)
  Grinder (D:6)
  A meliai zombie (D:10)
  A shadow (D:10)
  A ynoxinul (Gauntlet)
  Eustachio (D:6)
  A wyvern (D:10)
  9 yaks
  A steam dragon (D:6)
  A vampire mosquito (D:8)
  2 wargs (D:9)
  Edmund (D:4)
  2 water moccasins
  7 orc warriors
  2 black bears (D:9)
  2 ice beasts
  A centaur (D:9)
  A phantom (D:5)
  3 kobold brigands
  3 bullfrogs
  2 gnoll sergeants
  A scorpion (D:5)
  A wyvern zombie (D:7)
  A wyvern skeleton (D:7)
  A water moccasin skeleton (D:5)
  9 killer bees
  5 wights (D:8)
  A centaur zombie (D:5)
  A bullfrog zombie (D:5)
  A centaur skeleton (D:7)
  6 hounds
  A bullfrog skeleton (D:6)
  7 jellies
  2 gnoll shamans
  13 orc priests
  4 iron imps (Gauntlet)
  2 iguanas
  Natasha (thrice) (D:2)
  11 orc wizards
  A killer bee zombie (D:6)
  A hound zombie (D:5)
  A howler monkey zombie (D:6)
  A howler monkey skeleton (D:5)
  5 adders
  17 gnolls
  A shadow imp (D:7)
  A white imp (D:7)
  An ufetubus (D:5)
  An adder skeleton (D:4)
  2 worms
  5 dart slugs
  36 orcs
  A bat (D:1)
  10 endoplasms
  3 hobgoblins
  7 jackals
  34 kobolds
  4 quokkas
  7 ball pythons
  A frilled lizard (D:1)
  8 goblins
  3 rats
277 creatures vanquished.

Vanquished Creatures (others)
  14 demonic plants (Gauntlet)
  3 fungi (D:1)
  8 plants
  4 withered plants (Gauntlet)
29 creatures vanquished.

Grand Total: 306 creatures vanquished

Notes
Turn   | Place    | Note
-------+----------+-------------------------------------------
     0 | D:1      | Labrat the Human Hedge Wizard began the quest for the Orb.
     0 | D:1      | Reached XP level 1. HP: 13/13 MP: 4/4
   209 | D:1      | Reached XP level 2. HP: 19/19 MP: 0/6
   713 | D:1      | Reached XP level 3. HP: 25/25 MP: 2/7
  1013 | D:1      | Found a faded altar of an unknown god.
  1061 | D:1      | Found a shadowy altar of Dithmenos.
  1775 | D:2      | Reached XP level 4. HP: 25/31 MP: 6/8
  1936 | D:2      | Noticed Natasha
  1944 | D:2      | Killed Natasha
  1945 | D:2      | Reached skill level 1 in Fighting
  2008 | D:2      | Noticed Natasha
  2022 | D:2      | Killed Natasha
  2023 | D:2      | Reached XP level 5. HP: 12/37 MP: 7/10
  2892 | D:2      | Noticed Natasha
  2901 | D:2      | Killed Natasha
  2902 | D:2      | Reached skill level 1 in Armour
  3175 | D:3      | Found a shadowy altar of Dithmenos.
  3325 | D:3      | Reached XP level 6. HP: 30/43 MP: 7/11
  3670 | D:3      | Found an iron altar of Okawaru.
  4098 | D:3      | Reached skill level 1 in Shields
  4180 | D:4      | Noticed Edmund
  4324 | D:4      | Found a sparkling altar of Nemelex Xobeh.
  4384 | D:4      | Found the +3 pair of gauntlets of War {Slay+5}
  5145 | D:4      | Killed Edmund
  5146 | D:4      | Reached XP level 7. HP: 25/51 MP: 11/13
  5437 | D:5      | Entered Level 5 of the Dungeon
  5723 | D:5      | Reached XP level 8. HP: 55/58 MP: 9/14
  6275 | D:5      | Identified the +10 bardiche "Ogojij" {flame, rF+}
  6351 | D:5      | Found a stormy altar of Qazlal.
  6353 | D:5      | Found a shimmering altar of Xom.
  6353 | D:5      | Found a shimmering altar of Xom.
  6355 | D:5      | Found a hide-covered altar of Uskayaw.
  6355 | D:5      | Found a blossoming altar of Fedhas.
  6355 | D:5      | Found a sacrificial altar of Ru.
  6391 | D:6      | Found a sacrificial altar of Ru.
  6680 | D:6      | Noticed Eustachio
  6710 | D:6      | Noticed Grinder
  6718 | D:6      | Paralysed by Grinder for 7 turns
  6973 | D:6      | Reached skill level 5 in Spellcasting
  6994 | D:6      | Learned a level 2 spell: Blink
  6997 | D:6      | Learned a level 2 spell: Call Imp
  7001 | D:6      | Learned a level 3 spell: Mephitic Cloud
  7040 | D:6      | Reached XP level 9. HP: 44/65 MP: 16/16
  7285 | D:6      | Reached skill level 5 in Conjurations
  7575 | D:6      | Killed Grinder
  7576 | D:6      | Reached skill level 5 in Fighting
  7958 | D:6      | Found an opulent altar of Gozag.
  7958 | D:6      | Found a glowing silver altar of Zin.
  8209 | D:7      | Reached skill level 1 in Poison Magic
  8217 | D:6      | Reached skill level 5 in Armour
  8686 | D:7      | Noticed MisterT's ghost (novice HOFi)
  8690 | D:7      | Identified the ring of Insomnia {rElec rPois Slay+4}
  8690 | D:7      | Noticed a white ugly thing
  8694 | D:7      | Noticed a death knight
  8698 | D:7      | Found a transporter.
  8702 | D:7      | Found a transporter.
  8751 | D:7      | Found a staircase to the Ecumenical Temple.
  8784 | Temple   | Entered the Ecumenical Temple
  8930 | D:7      | Reached XP level 10. HP: 75/75 MP: 17/19
  9275 | D:8      | Noticed Erica
  9307 | D:8      | Found a burning altar of Makhleb.
  9310 | D:8      | Killed Erica
  9485 | D:8      | Noticed Joseph
  9502 | D:8      | Killed Joseph
 10191 | D:8      | Reached skill level 1 in Air Magic
 10192 | D:8      | Noticed Harold
 10205 | D:8      | Killed Harold
 10291 | D:8      | Found Ettol's Weapon Emporium.
 10395 | D:8      | Found a hide-covered altar of Uskayaw.
 10395 | D:8      | Found a stormy altar of Qazlal.
 10408 | D:8      | Found a radiant altar of Vehumet.
 10409 | D:8      | Found a snail-covered altar of Cheibriados.
 10416 | D:8      | Became a worshipper of Vehumet
 10735 | D:8      | Reached XP level 11. HP: 81/84 MP: 17/22
 11078 | D:9      | Noticed a two-headed ogre
 11858 | D:9      | Noticed a centaur warrior
 11868 | D:9      | Killed a centaur warrior
 12216 | D:9      | Found a bloodstained altar of Trog.
 12363 | D:9      | Killed a two-headed ogre
 12363 | D:9      | Reached * piety under Vehumet
 12363 | D:9      | Offered knowledge of Shock by Vehumet.
 12364 | D:9      | Reached skill level 5 in Poison Magic
 12481 | D:9      | Noticed a two-headed ogre
 12534 | D:9      | Killed a two-headed ogre
 13339 | D:9      | Found a staircase to the Orcish Mines.
 13547 | D:6      | Killed Eustachio
 13654 | D:10     | Entered Level 10 of the Dungeon
 13717 | D:10     | Found a runed translucent door.
 13717 | D:10     | Noticed a red ugly thing
 13718 | D:10     | Noticed a harpy
 13722 | D:10     | Killed a red ugly thing
 13723 | D:10     | Reached XP level 12. HP: 94/94 MP: 21/24
 13789 | D:10     | Found Jeyn's Assorted Antiques.
 14967 | D:10     | Found a staircase to the Lair.
 15273 | D:10     | Noticed a two-headed ogre
 15353 | Lair:1   | Entered Level 1 of the Lair of Beasts
 15353 | Lair:1   | Found a gate leading to a gauntlet.
 15359 | Gauntlet | Entered a Gauntlet
 15359 | Gauntlet | Found a transporter.
 15368 | Gauntlet | Found a transporter.
 15370 | Gauntlet | Found a transporter.
 15372 | Gauntlet | Found a transporter.
 15389 | Gauntlet | Found a transporter.
 15403 | Gauntlet | Found a transporter.
 15408 | Gauntlet | Noticed a quicksilver ooze
 15411 | Gauntlet | Found a transporter.
 15427 | Gauntlet | Found a transporter.
 15446 | Gauntlet | Found a transporter.
 15450 | Gauntlet | Noticed a ghost crab
 15458 | Gauntlet | Found a transporter.
 15470 | Gauntlet | Found a transporter.
 15482 | Gauntlet | Found a transporter.
 15494 | Gauntlet | Found a transporter.
 15511 | Gauntlet | Found a transporter.
 15528 | Gauntlet | Found a transporter.
 15530 | Gauntlet | Found a transporter.
 15583 | Gauntlet | Found a transporter.
 15585 | Gauntlet | Found a transporter.
 15592 | Gauntlet | Got the Almanac of the Poisonous Volcanoes
 15625 | Gauntlet | Reached ** piety under Vehumet
 15679 | Gauntlet | Slain by a quicksilver ooze

Illustrated notes

Levels and vault maps discovered:
D:1:      minmay_arrival_arboretum_large, layout_rooms,
          shapermc_ecumenical_altar_mp_ritualfount, minmay_hexomino_r4
D:2:      cheibrodos_helix_gallery, layout_basic, uniq_natasha
D:3:      layout_loops_ring, nicolae_dithmenos_through_a_glass_darkly,
          lemuel_tele_altar, serial_glass, glass_columns_b, glass_columns_b,
          glass_columns_a, glass_columns_a, glass_columns_a, glass_columns_a,
          feat_on_display, minmay_strange_pillars, feat_on_display,
          hangedman_decor_peaks_small
D:4:      cheibrodos_thug_alley, layout_rooms, lemuel_doored_altar, uniq_edmund
D:5:      layout_rooms, doesnt_xom_only_xom
D:6:      layout_gridville, grunt_temple_overflow_gold_and_silver,
          nicolae_ru_awakened_eye, minmay_pentangle, uniq_grinder,
          uniq_eustachio
D:7:      layout_basic, minmay_temple_entry_stoned_glass, nzn_ghost_randoct
D:8:      layout_basic, makhleb_blood_cavern_becter,
          chequers_temple_overflow_statue_of_worship, serial_shops, shop,
          serial_bayou_pond_c, minmay_small_thing, uniq_erica, uniq_joseph,
          uniq_harold
D:9:      layout_loops_ring, trog_ov_bears_minmay, david_orc_4,
          grunt_ministairs_3
D:10:     layout_loops_ring, erik_lair_orcish_takeover, serial_shops,
          nicolae_shop_window_shopping, minivault_13
Temple:   kb_corrupted_temple
Lair:1:   beast_lair_carwin_large_4, layout_long_grid, gauntlet_entry_generic,
          nicolae_volcano_entry_vermiform, basic_altar
Gauntlet: gammafunk_gauntlet_one_two_three [nicolae_gauntlet_arena_t_cross,
          gammafunk_gauntlet_arena_spirals, nicolae_gauntlet_swirl,
          nicolae_gauntlet_arena_quarters,
          gammafunk_gauntlet_arena_arrow_garden,
          nicolae_gauntlet_arena_flowing_pool, gammafunk_gauntlet_arena_mazey,
          nicolae_gauntlet_arena_grate_2, gammafunk_gauntlet_arena_corners,
          gauntlet_exit_hidden_loot]

Skill      XL: |  1  2  3  4  5  6  7  8  9 10 11 12 |
---------------+-------------------------------------+-----
Fighting       | 1 2 3 4 5 7 8 9 |  9.3
Conjurations   | 2 3 4 6 7 9 |  9.5
Armour         | 1 2 3 5 |  5.0
Summonings     | 2 |  2.0
Shields        | 2 3 4 |  4.0
Translocations | 2 |  2.0
Dodging        | 3 |  3.0
Spellcasting   | 4 5 6 7 8 9 |  9.2
Poison Magic   | 2 3 5 |  5.0
Air Magic      | 2 |  2.0
Stealth        | |  2.0

Action                   |  1- 3 |  4- 6 |  7- 9 | 10-12 || total
-------------------------+-------+-------+-------+-------++-------
Melee: Dagger            |    40 |       |       |       ||    40
       Whip              |    41 |   105 |       |       ||   146
       Flail             |       |       |    74 |       ||    74
       Bardiche          |       |       |    85 |   235 ||   320
Throw: Dart              |       |     4 |     3 |     5 ||    12
       Javelin           |       |       |       |     1 ||     1
       Throwing net      |       |       |       |     1 ||     1
 Cast: Magic Dart        |    68 |   114 |   111 |    60 ||   353
       Blink             |       |       |     1 |     4 ||     5
       Mephitic Cloud    |       |       |       |    25 ||    25
       Call Imp          |       |       |       |     2 ||     2
  Use: Scroll            |       |       |       |    12 ||    12
 Stab: Distracted        |       |       |     1 |     2 ||     3
       Sleeping          |       |       |     1 |       ||     1
       Confused          |       |       |       |     6 ||     6
       Paralysed         |       |       |       |     1 ||     1
Armor: Robe              |    12 |       |       |       ||    12
       Swamp dragon scal |    13 |    48 |    80 |   119 ||   260
       Skin              |       |       |     5 |       ||     5
       Steam dragon scal |       |       |    33 |     4 ||    37
Dodge: Dodged            |    74 |    63 |   113 |   139 ||   389
Block: Buckler           |       |       |     8 |       ||     8
